 Dungeon Crawl Stone Soup version 0.30-a0-335-ge5acde7520 (webtiles) character file.

Game seed: 2795882659846245026

45 McGhostyFace the Nimble (level 3, -1/31 HPs)
             Began as a Gnoll Wanderer on Oct 30, 2022.
             Killed by nerve-wracking pain
             ... invoked by Jessica
              (12 damage)
             ... on level 2 of the Dungeon.
             The game lasted 00:03:26 (1452 turns).

McGhostyFace the Nimble (Gnoll Wanderer)            Turns: 1452, Time: 00:03:27

Health: -1/31      AC:  3    Str:  7    XL:     3   Next: 64%
Magic:  9/9        EV: 17    Int: 10    God:
Gold:   11         SH:  0    Dex: 18    Spells: 11/12 levels left

rFire   x . .      SeeInvis +    a - +0 dagger
rCold   + . .      Faith    .    (no shield)
rNeg    . . .      Spirit   .    e - +0 leather armour
rPois   .          Reflect  .    (no helmet)
rElec   .          Harm     .    (no cloak)
rCorr   .          Rampage  .    (no gloves)
Will    .....                    (no boots)
Stlth   ++........               (no amulet)
HPRegen 0.25/turn                f - ring of see invisible
MPRegen 0.11/turn                o - ring of ice

@: lethally poisoned (-1 -> -8)
A: fangs 1, strong nose, distributed training
a: no special abilities


You were on level 2 of the Dungeon.
You visited 1 branch of the dungeon, and saw 2 of its levels.

You collected 11 gold pieces.

Inventory:

Hand Weapons
 a - a +0 dagger (weapon)
Armour
 e - a +0 leather armour (worn)
Jewellery
 f - a ring of see invisible (left hand)
 o - a ring of ice (right hand)
Scrolls
 c - 2 scrolls of vulnerability
 d - a scroll of fear
 g - a scroll of poison {unknown}
 l - 3 scrolls of identify {unknown}
 m - a scroll of enchant weapon {unknown}
Potions
 h - a potion of lignification {unknown}
 i - a potion of attraction {unknown}
 j - 2 potions of resistance {unknown}
 k - a potion of curing {unknown}
 n - a potion of might {unknown}


   Skills:
 + Level 4.6 Fighting
 + Level 1.0 Short Blades
 + Level 1.0 Long Blades
 + Level 1.0 Axes
 + Level 1.0 Maces & Flails
 + Level 1.0 Polearms
 + Level 1.0 Staves
 + Level 1.0 Ranged Weapons
 + Level 1.0 Throwing
 + Level 1.0 Armour
 + Level 10.4 Dodging
 + Level 1.0 Stealth
 + Level 1.0 Shields
 + Level 1.0 Unarmed Combat
 + Level 5.0 Spellcasting
 + Level 0.7 Conjurations
 + Level 0.7 Hexes
 + Level 0.7 Summonings
 + Level 0.7 Necromancy
 + Level 0.7 Translocations
 + Level 0.7 Transmutations
 + Level 0.7 Fire Magic
 + Level 0.7 Ice Magic
 + Level 0.7 Air Magic
 + Level 0.7 Earth Magic
 + Level 0.7 Poison Magic
 + Level 1.0 Invocations
 + Level 2.6 Evocations


You had 11 spell levels left.
You knew the following spells:

 Your Spells              Type           Power      Damage    Failure   Level
a - Shock                 Conj/Air       12%        1d3       26%         1

Your spell library contained the following spells:

 Spells                   Type           Power      Damage    Failure   Level
 Static Discharge         Conj/Air       6%         2-3/arc   36%         2
 Vhi's Electric Charge    Tloc/Air       6%         N/A       58%         3
 Arcjolt                  Conj/Air       1%         1d11      100%        5
 Iskenderun's Battlesphe  Conj           3%         2d6       100%        5
 Lightning Bolt           Conj/Air       1%         1d12      100%        5
 Iron Shot                Conj/Erth      1%         9d1       100%        6
 Spellforged Servitor     Conj/Summ      1%         N/A       100%        7
 Borgnjor's Revivificati  Necr           1%         N/A       100%        8
 Necromutation            Tmut/Necr      1%         N/A       100%        8
 Death's Door             Necr           1%         N/A       100%        9


Dungeon Overview and Level Annotations

Branches:
Dungeon (2/15)

Altars:

Annotations:
D:2 Jessica


Innate Abilities, Weirdness & Mutations

You have very sharp teeth.
Your uncanny sense of smell can sniff out nearby items.
Your experience applies equally to all skills.


Message History

Confirm with . or Enter, or press ? or * to list all spells.
Okay, then.
Okay, then.
Throw: 2 throwing nets
Press: ? - help, Q - select action, (/) - cycle Shift-Dir - straight line, f/p - Jessica
Aim: Jessica, wielding a +1 dagger of venom and wearing a +0 robe (moderately wounded, 63% to hit)
You throw a throwing net. The throwing net hits Jessica.
Jessica is caught in the net!
Jessica is moderately wounded.
You feel sick.
Jessica struggles against the net.
You hit Jessica but do no damage.
Jessica is moderately wounded.
You feel sick.
Jessica casts a spell.
Jessica seems to speed up.
Jessica struggles against the net.
You hit Jessica but do no damage.
Jessica is moderately wounded.
You feel sick.
Jessica gestures wildly while chanting.
Jessica blinks!
You feel sick.
You see here a throwing net.
You feel sick. Jessica completely misses you.
Throw: throwing net
Press: ? - help, Q - select action, (/) - cycle Shift-Dir - straight line, f/p - Jessica
Aim: Jessica, wielding a +1 dagger of venom and wearing a +0 robe (moderately wounded, fast, 63% to hit)
You throw a throwing net.
The throwing net closely misses Jessica.
You feel sick. Jessica misses you.
You feel sick.
Jessica hits you with a +1 dagger of venom.
You are more poisoned.
Your magical contamination has completely faded away.
You see here a throwing net.
You feel very sick. Jessica closely misses you.
Jessica attacks as you move away! Jessica closely misses you.
You feel sick.
Jessica points at you and mumbles some strange words.
Pain shoots through your body!
You die...

#.#.# #######....... ∆∆
#.#.# #............. ∆
#.#.# #.#####.#..... ∆∆
#.#.###.#...........
#...(.#.#.....#.####
##.....#.#...........
#..@...#.#.....#.####
#..(.###.........# ###.@#
#.........#
#..###.........####
#....#.#.#####.....
##.#.#.#.# ######
########.#.#.#.# #####
#..........#.#.# .....
#..........#.#.# .....
##......†...#.#.# .....
#.....###.#.#.#.##########


You could see Jessica (fast).

Vanquished Creatures
  An adder (D:2)
  A dart slug (D:2)
  3 bats
  2 endoplasms
  A giant cockroach (D:1)
  7 goblins
  2 hobgoblins
  3 quokkas
  7 ball pythons
  A frilled lizard (D:1)
  A kobold (D:2)
  3 rats (D:1)
32 creatures vanquished.

Vanquished Creatures (others)
  A fungus (D:2)
1 creature vanquished.

Grand Total: 33 creatures vanquished

Notes
Turn   | Place    | Note
-------+----------+-------------------------------------------
     0 | D:1      | Reached skill level 10 in Dodging
     0 | D:1      | McGhostyFace the Gnoll Wanderer began the quest for the
                  | Orb.
     0 | D:1      | McGhostyFace set off with the following items: a +0 dagger,
                  | 2 throwing nets, a scroll of vulnerability, a scroll of
                  | fear, a +0 leather armour; and the following spell
                  | memorised: Shock; and the following spells available to
                  | memorise: Vhi's Electric Charge.
     0 | D:1      | Reached XP level 1. HP: 20/20 MP: 6/6
   295 | D:1      | Reached XP level 2. HP: 23/26 MP: 7/7
   450 | D:1      | Found a faded altar of an unknown god.
   955 | D:2      | Reached skill level 5 in Spellcasting
   955 | D:2      | Reached XP level 3. HP: 31/31 MP: 7/9
  1098 | D:2      | Reached skill level 1 in Invocations
  1417 | D:2      | Reached skill level 1 in Short Blades
  1417 | D:2      | Reached skill level 1 in Long Blades
  1417 | D:2      | Reached skill level 1 in Axes
  1417 | D:2      | Reached skill level 1 in Maces & Flails
  1417 | D:2      | Reached skill level 1 in Polearms
  1417 | D:2      | Reached skill level 1 in Staves
  1417 | D:2      | Reached skill level 1 in Ranged Weapons
  1417 | D:2      | Reached skill level 1 in Throwing
  1417 | D:2      | Reached skill level 1 in Armour
  1417 | D:2      | Reached skill level 1 in Stealth
  1417 | D:2      | Reached skill level 1 in Shields
  1417 | D:2      | Reached skill level 1 in Unarmed Combat
  1436 | D:2      | Noticed Jessica
  1452 | D:2      | Killed from afar by Jessica

Illustrated notes

Levels and vault maps discovered:
D:1:      psy_arrival_radial01, layout_basic, chequers_ecumenical_altar_simple
D:2:      layout_basic, basic_altar, chequers_decorated_corner,
          kennysheep_generic_room_9, uniq_crazy_yiuf_cottage, uniq_sigmund,
          uniq_jessica

Skill      XL: |  1  2  3 |
---------------+----------+-----
Dodging        | | 10.4
Spellcasting   | 5 |  5.0
Invocations    | 1 |  1.0
Short Blades   | 1 |  1.0
Long Blades    | 1 |  1.0
Axes           | 1 |  1.0
Maces & Flails | 1 |  1.0
Polearms       | 1 |  1.0
Staves         | 1 |  1.0
Ranged Weapons | 1 |  1.0
Throwing       | 1 |  1.0
Armour         | 1 |  1.0
Stealth        | 1 |  1.0
Shields        | 1 |  1.0
Unarmed Combat | 1 |  1.0
Fighting       | |  4.6
Conjurations   | |  0.7
Hexes          | |  0.7
Summonings     | |  0.7
Necromancy     | |  0.7
Translocations | |  0.7
Transmutations | |  0.7
Fire Magic     | |  0.7
Ice Magic      | |  0.7
Air Magic      | |  0.7
Earth Magic    | |  0.7
Poison Magic   | |  0.7
Evocations     | |  2.6

Action                   || total
-------------------------++-------
Melee: Dagger            ||   157
       Bite              ||    17
       Punch             ||     2
Throw: Throwing net      ||     2
 Stab: Sleeping          ||     2
Armor: Leather armour    ||    27
Dodge: Dodged            ||   150

Table legend: (Time is in decaauts)
 A = Elapsed time spent in this place.
 B = Non-inter-level travel time spent in this place.
 C = Inter-level travel time spent in this place.
 D = Time resting spent in this place.
 E = Time spent auto-exploring this place.
 F = Levels seen in this place.
 G = Mean time per level.
                   A        B        C        D        E       F      G
               +--------+--------+--------+--------+--------+-----+--------+
         Total |   1447 |   1447 |      0 |    217 |    871 |   2 |  723.5 |
       Dungeon |   1447 |   1447 |      0 |    217 |    871 |   2 |  723.5 |
               +--------+--------+--------+--------+--------+-----+--------+

Top non-repeatable levels by time:
     D:1: 939 daAuts
     D:2: 507 daAuts
